 Dungeon Crawl Stone Soup version 0.29.1-4-g47bece8355 (webtiles) character file.

Game seed: 2990051261944869146

248839 MacCMillion the Lord of Darkness (level 19, -4/168 HPs)
             Began as a Naga Venom Mage on Dec 10, 2022.
             Was the Champion of Kikubaaqudgha.
             Killed from afar by a starcursed mass (10 damage)
             ... with an accursed screaming
             ... on level 3 of the Abyss.
             The game lasted 04:15:27 (42375 turns).

MacCMillion the Lord of Darkness (Naga Venom Mage) Turns: 42375, Time: 04:15:28

Health: -4/168     AC: 22    Str: 10      XL:     19   Next: 58%
Magic:  17/39      EV: 10    Int: 21 (23) God:    Kikubaaqudgha [******]
Gold:   1535       SH:  7    Dex: 13      Spells: 7/48 levels left

rFire   . . .      SeeInvis +   m - staff of death
rCold   + . .      Faith    .   I - +2 buckler
rNeg    + . .      Spirit   .   V - +0 troll leather armour
rPois   +          Reflect  .   c - +1 helmet
rElec   .          Harm     .   B - +0 cloak
rCorr   .          Rampage  .   C - +1 pair of gloves
Will    ++...                   x - +3 barding
Stlth   +++.......              U - amulet of regeneration
HPRegen 1.98/turn               X - ring of protection from cold
MPRegen 0.26/turn               J - ring of magical power

@: death channelling, animating dead, unable to read, unable to drink, very slow
A: AC +6, large, see invisible, deformed body, poison resistance, slowness 2,
spit poison 1, naga tail 2, [deterioration 2], [low MP 2], [subdued magic 3],
[inability to drink after injury 2], [inability to read after injury 2]
}: 2/15 runes: decaying, serpentine
a: Spit Poison, Renounce Religion, Unearth Wretches, Torment


You were on level 3 of the Abyss.
You worshipped Kikubaaqudgha.
Kikubaaqudgha was exalted by your worship.
You visited 7 branches of the dungeon, and saw 32 of its levels.
You visited the Abyss 1 time.
You visited 1 bazaar.

You collected 3354 gold pieces.
You spent 1819 gold pieces at shops.

Inventory:

Hand Weapons
 a - the +5 rapier "Ysiyfiol" {holy, rF+ Int+8}
   (You found it on level 2 of the Lair of Beasts)

   It has been blessed by the Shining One to cause great damage to the undead
   and demons.
   Int:       It affects your intelligence (+8).
   rF:        It protects you from fire.
 e - a +1 spectral demon whip
Missiles
 O - 4 silver javelins
Armour
 c - a +1 helmet (worn)
 x - a +3 barding (worn)
 B - a +0 cloak (worn)
 C - a +1 pair of gloves (worn)
 I - a +2 buckler (worn)
 M - the +1 ring mail of Teyf Pue {Will+ Str+3}
   (You found it on level 6 of the Dungeon)

   Str:       It affects your strength (+3).
   Will:      It increases your willpower.
 V - a +0 troll leather armour (worn)
Magical Staves
 m - a staff of death (weapon)
Jewellery
 j - a ring of positive energy
 t - a ring of protection from fire
 v - a +4 ring of slaying
 G - a +4 ring of evasion
 J - a ring of magical power (right hand)
 S - a ring of flight
 U - an amulet of regeneration (around neck)
 X - a ring of protection from cold (left hand)
Wands
 i - a wand of digging (1)
 q - a wand of paralysis (28)
 s - a wand of polymorph (19)
 A - a wand of flame (62)
 D - a wand of quicksilver (19)
 H - a wand of roots (35)
 K - a wand of mindburst (19)
Scrolls
 f - 6 scrolls of fear
 n - 10 scrolls of teleportation
 o - 7 scrolls of identify
 p - 8 scrolls of vulnerability
 r - 5 scrolls of immolation
 y - 4 scrolls of fog
 L - 3 scrolls of blinking
 Q - 3 scrolls of silence
 T - 4 scrolls of magic mapping
 W - a scroll of summoning
 Z - 2 scrolls of torment
Potions
 b - 3 potions of magic
 d - a potion of haste
 g - 2 potions of ambrosia
 h - 8 potions of mutation
 k - 3 potions of berserk rage
 l - 4 potions of brilliance
 u - 7 potions of heal wounds
 w - 4 potions of flight
 z - 9 potions of curing
 E - 2 potions of resistance
 F - 4 potions of invisibility
 N - 5 potions of lignification
 P - 2 potions of cancellation
 R - 4 potions of might
Miscellaneous
 Y - a lightning rod (4/4)


   Skills:
 - Level 10.0 Fighting
 - Level 8.0 Maces & Flails
 - Level 5.0 Armour
 - Level 8.0 Dodging
 - Level 8.0 Stealth
 - Level 5.0 Shields
 - Level 15.0 Spellcasting
 - Level 4.0 Conjurations
 + Level 9.6 Summonings
 + Level 19.1 Necromancy
 - Level 1.0 Transmutations
 - Level 8.0 Ice Magic
 - Level 4.0 Air Magic
 - Level 8.0 Earth Magic
 - Level 10.0 Poison Magic
 - Level 4.0 Evocations


You had 7 spell levels left.
You knew the following spells:

 Your Spells              Type           Power      Damage    Failure   Level
a - Dispel Undead         Necr           66%        3d23      0%          4
b - Simulacrum            Ice/Necr       27%        N/A       1%          6
c - Haunt                 Necr/Summ      28%        N/A       8%          7
d - Olgreb's Toxic Radia  Pois           30%        N/A       1%          4
e - Stone Arrow           Conj/Erth      42%        3d9       1%          3
f - Borgnjor's Vile Clut  Necr/Erth      27%        N/A       1%          5
g - Death Channel         Necr           33%        N/A       1%          6
h - Sublimation of Blood  Necr           66%        N/A       0%          2
i - Animate Dead          Necr           66%        N/A       0%          4

Your spell library contained the following spells:

 Spells                   Type           Power      Damage    Failure   Level
 Necrotise                Necr           100%       1d9       0%          1
 Summon Small Mammal      Summ           100%       N/A       0%          1
 Vampiric Draining        Necr           66%        2d10      0%          3
 Agony                    Necr           66%        N/A       0%          5
 Beastly Appendage        Tmut           20%        N/A       1%          1
 Foxfire                  Conj/Fire      48%        2x1d6     1%          1
 Freeze                   Ice            100%       1d11      1%          1
 Magic Dart               Conj           68%        1d6       1%          1
 Sting                    Tmut/Pois      80%        1d7       1%          1
 Call Imp                 Summ           29%        N/A       1%          2
 Poisonous Vapours        Pois/Air       46%        N/A       1%          2
 Call Canine Familiar     Summ           29%        N/A       1%          3
 Frozen Ramparts          Ice            50%        1d8       1%          3
 Mephitic Cloud           Conj/Pois/Air  21%        N/A       1%          3
 Spider Form              Tmut/Pois      20%        N/A       1%          3
 Summon Guardian Golem    Hex/Summ       18%        N/A       1%          3
 Anguish                  Hex/Necr       22%        N/A       1%          4
 Animate Armour           Summ/Erth      54%        N/A       1%          4
 Corpse Rot               Necr/Pois/Air  49%        N/A       1%          4
 Wereblood                Tmut           10%        N/A       2%          2
 Hailstorm                Conj/Ice       21%        3d6       2%          4
 Lee's Rapid Deconstruct  Erth           12%        3d10*     2%          5
 Conjure Flame            Conj/Fire      12%        6-21      4%          3
 Petrify                  Tmut/Erth      18%        N/A       4%          4
 Leda's Liquefaction      Hex/Erth       8%         N/A       6%          4
 Gell's Gravitas          Tloc           8%         N/A       11%         3
 Inner Flame              Hex/Fire       8%         N/A       11%         3
 Teleport Other           Tloc           8%         N/A       11%         3
 Alistair's Intoxication  Tmut/Pois      13%        N/A       11%         5
 Summon Forest            Summ/Tloc      9%         N/A       14%         5
 Flame Wave               Conj/Fire      12%        2d6       16%         4
 Iskenderun's Battlesphe  Conj           17%        2d7       21%         5
 Metabolic Englaciation   Hex/Ice        8%         N/A       21%         5
 Iron Shot                Conj/Erth      10%        9d3       50%         6
 Eringya's Noxious Bog    Tmut/Pois      10%        N/A       56%         6
 Summon Hydra             Summ           14%        N/A       56%         7
 Statue Form              Tmut/Erth      12%        N/A       73%         6
 Spellforged Servitor     Conj/Summ      11%        N/A       94%         7
 Malign Gateway           Summ/Tloc      9%         N/A       99%         7
 Dispersal                Tloc           4%         N/A       100%        6
 Orb of Destruction       Conj           8%         9d6       100%        7
 Borgnjor's Revivificati  Necr           33%        N/A       9%          8
 Infestation              Necr           33%        N/A       9%          8
 Death's Door             Necr           33%        N/A       88%         9
 Necromutation            Tmut/Necr      22%        N/A       99%         8
 Summon Horrible Things   Summ           14%        N/A       99%         8
 Disjunction              Tloc           4%         N/A       100%        8
 Lehudib's Crystal Spear  Conj/Erth      10%        10d4      100%        8
 Shatter                  Erth           12%        3d13*     100%        9


Dungeon Overview and Level Annotations

Branches:
Dungeon (15/15)            Temple (1/1) D:7            Lair (5/5) D:10
  Swamp (4/4) Lair:2        Snake (4/4) Lair:3        Slime (0/5) Lair:4
    Orc (2/2) D:10            Elf (0/3) Orc:2        Vaults (1/5) D:13
 Depths (0/4) D:15

Altars:
Ashenzari
Cheibriados
Dithmenos
Elyvilon
Fedhas
Gozag
Hepliaklqana
Kikubaaqudgha
Makhleb
Nemelex Xobeh
Okawaru
Qazlal
Ru
Sif Muna
Trog
Uskayaw
Vehumet
Wu Jian
Xom
Yredelemnul
Zin
The Shining One

Shops:
D:8 :   Orc:2 [(?(   Snake:1 :   Vaults:1 :

Annotations:
D:3 Grinder
D:6 2 runed translucent doors, kalagan's ghost, novice DECj
D:7 3 runed translucent doors, exclusion: centaur, MacCMillion's ghost, novice BaHu; Maggie
Lair:1 exclusion: hydra
Swamp:1 2 transporters, Zkahoot's ghost, journeyman DECj
Vaults:1 1 transporter, lorin's ghost, adept MiMo


Innate Abilities, Weirdness & Mutations

Your serpentine skin is tough. (AC +6)
You have supernaturally acute eyesight. (SInv)
Armour fits poorly on your strangely shaped body.
Your system is resistant to poisons. (rPois)
You cover ground very slowly.
You can spit poison.
You can use your snake-like lower body to constrict enemies.
[Your body often deteriorates upon taking damage.]
[Your magical capacity is very low. (-20% MP)]
[Your spells are much easier to cast, but much less powerful.]
[You sometimes lose the ability to drink potions when taking damage.]
[You sometimes lose the ability to read scrolls when taking damage.]


Message History

The starspawn tentacle loses its grip on your deep elf sorcerer zombie.
The tentacle pulls your deep elf sorcerer zombie backwards!
The tentacled starspawn escapes!
The starcursed mass touches your demonspawn warmonger zombie but does no damage.
A starspawn tentacle comes into view.
The starcursed mass touches your demonspawn black sun zombie but does no damage.
The starspawn tentacle barely misses your deep elf sorcerer zombie.
Your demonspawn warmonger zombie hits the starcursed mass!!
The starcursed mass shudders and is absorbed by its neighbour.
Your demonspawn black sun zombie hits the starcursed mass!
The starcursed mass shudders and is absorbed by its neighbour.
A deafening chorus of shrieks assaults your mind!
* * * LOW HITPOINT WARNING * * *
A starcursed mass splits.
You can move again.
A starspawn tentacle comes into view.
You cannot drink potions in your current state!
Unknown command.
You open the door.
A deafening chorus of shrieks assaults your mind!
* * * LOW HITPOINT WARNING * * *
You shrug off the repeated paralysis!
A starcursed mass splits.
The starspawn tentacle grabs your deep elf sorcerer zombie.
The starspawn tentacle constricts your deep elf sorcerer zombie.
A starcursed mass splits.
The starcursed mass touches you but does no damage.
Your demonspawn warmonger zombie closely misses the tentacled starspawn.
Your demonspawn warmonger zombie claws the tentacled starspawn!
Your demonspawn warmonger zombie gores the tentacled starspawn!
The tentacled starspawn bites your deep elf sorcerer zombie!!
Your deep elf sorcerer zombie is destroyed!
The starcursed mass touches your demonspawn black sun zombie.
Your demonspawn black sun zombie hits the starcursed mass!
The starcursed mass is destroyed!
Kikubaaqudgha accepts your kill.
The starcursed mass attacks as you move away!
You block the starcursed mass's attack.
A starcursed mass splits.
A cacophony of accursed wailing tears at your sanity!
You die...
Kikubaaqudgha rasps: "You have failed me!
Welcome... death!"

## ##.## #.... #
###...#...# #
##....#.#.. ..
#._.X...... φ
##.# #.Xw#.....#
#....##Xw#XX...#.
#.∩@...Xw.....
##.#.ZZ#w..#.
####XX# .##
#X.X.. #.......
########


You could see 8 starcursed masses, 2 tentacled starspawn, 4 starspawn tentacles,
a friendly demonspawn warmonger zombie and a friendly demonspawn black sun
zombie.

Vanquished Creatures
  the Lernaean hydra (Swamp:4)
  Bai Suzhen (Snake:3)
  Mlioglotl (Snake:4)
  An Executioner (Abyss:3)
  Kirke (Snake:4)
  2 nagarajas
  2 deep elf sorcerers
  Louise (Swamp:1)
  An orc warlord (Orc:2)
  Nessos (Lair:5)
  Josephine (D:10)
  2 vault guards (D:13)
  5 boulder beetles
  7 hydras
  Fannar (D:11)
  A salamander tyrant (Snake:4)
  5 centaur warriors
  3 ironbound frosthearts (Vaults:1)
  An alligator (Swamp:1)
  2 tengu warriors
  5 two-headed ogres
  2 catoblepae
  Erica (D:9)
  3 anacondas
  7 death yaks
  A naga warrior (Snake:4)
  A death knight (D:9)
  5 shock serpents
  Amaemon (Lair:1)
  Sonja (Lair:5)
  An orc high priest (Orc:2)
  4 naga sharpshooters
  3 salamander mystics
  A goliath frog (Swamp:1)
  4 skeletal warriors
  2 deep trolls (Vaults:1)
  5 bog bodies
  A spriggan rider (Swamp:4)
  2 naga ritualists
  2 swamp dragons (Swamp:1)
  2 lindwurms
  A wizard (D:9)
  4 orc knights
  A deep elf zephyrmancer (D:14)
  2 deep elf pyromancers
  An ironbound convoker (Vaults:1)
  3 mana vipers
  A wolf spider (D:15)
  An orc sorcerer (Orc:2)
  4 cyclopes
  2 manticores
  3 oklob plants (Snake:2)
  14 salamanders
  3 ugly things (D:14)
  A salamander (shapeshifter) (D:15)
  18 elephants
  18 black mambas
  4 naga magi
  A vault sentinel (Vaults:1)
  A guardian serpent (Snake:2)
  An orange demon (Lair:1)
  2 rime drakes
  12 cane toads
  A gargoyle (D:12)
  A torpor snail (Lair:3)
  An efreet (D:15)
  A yaktaur (D:13)
  Psyche (D:9)
  A tengu conjurer (D:13)
  9 komodo dragons
  7 trolls
  A bloated husk (Swamp:2)
  A meliai (D:13)
  2 hornets
  2 polar bears (Lair:3)
  2 tyrant leeches
  A raiju (Abyss:3)
  17 blink frogs
  Prince Ribbit (D:9)
  A spriggan (Swamp:3)
  A vampire (D:12)
  A spriggan (shapeshifter) (D:14)
  A shadow (D:9)
  43 yaks
  6 hogs (Snake:4)
  4 wraiths (D:10)
  A human (D:12)
  5 wyverns
  A basilisk (Lair:4)
  8 vampire mosquitoes
  6 steam dragons
  Edmund (D:6)
  2 wargs
  15 nagas
  10 swamp worms
  18 water moccasins
  A swamp drake (Swamp:4)
  Duvessa (D:6)
  28 orc warriors
  4 black bears
  3 ice beasts
  7 ogres
  A sky beast (D:6)
  15 wolves
  6 centaurs
  2 phantoms (D:5)
  4 kobold brigands
  A gnoll sergeant (D:9)
  13 bullfrogs
  6 scorpions
  12 wights
  Dowan (D:6)
  2 electric eels
  10 howler monkeys
  A lava snake (Snake:4)
  4 hounds
  3 jellies
  18 orc priests
  2 gnoll boudas
  6 iguanas
  16 orc wizards
  16 hell rats
  A mummy (D:7)
  5 adders
  12 gnolls
  A white imp (D:7)
  A worm (D:2)
  2 dart slugs
  73 orcs
  3 bats
  4 endoplasms
  A giant cockroach (D:1)
  4 goblins
  4 hobgoblins
  5 quokkas
  8 ball pythons
  2 frilled lizards
  17 kobolds
  7 rats
698 creatures vanquished.

Vanquished Creatures (collateral kills)
  Jorgrun (Swamp:1)
  The ghost of sm0rk the Impaler, an adept MfSu of Ashenzari (Swamp:4)
  A tentacled starspawn (Abyss:3)
  A thorn hunter (Swamp:3)
  Roxanne (Snake:1)
  6 nagarajas (Snake:4)
  Aizul (Swamp:2)
  An ironbound preserver (Vaults:1)
  2 slime creatures (Vaults:1)
  5 starcursed masses (Abyss:3)
  5 eleionomae
  An entropy weaver (Vaults:1)
  A dire elephant (D:15)
  2 bunyips
  2 shambling mangroves
  A boulder beetle (D:14)
  2 great orbs of eyes
  16 hydras
  A vault guard (D:13)
  10 anacondas
  A ghost crab (Swamp:2)
  2 two-headed ogres
  A spriggan skeleton (Abyss:3)
  4 centaur warriors (Vaults:1)
  A spriggan air mage (Swamp:4)
  A tengu warrior (D:14)
  4 alligators
  A dancing weapon (Swamp:4)
  A death yak (Lair:5)
  10 naga warriors
  A deep troll shaman (Lair:5)
  3 shock serpents
  7 naga sharpshooters (Snake:4)
  6 salamander mystics (Snake:4)
  A spriggan druid (Swamp:3)
  A sixfirhy (Abyss:3)
  4 wretched stars (Abyss:3)
  2 goliath frogs (Swamp:3)
  A death drake (Swamp:4)
  A deep troll (Vaults:1)
  13 bog bodies
  An ironbound convoker (Vaults:1)
  11 swamp dragons
  2 lindwurms (Vaults:1)
  8 naga ritualists
  3 harpies (Vaults:1)
  An orc knight (D:15)
  2 wizards (D:13)
  26 salamanders
  7 mana vipers
  2 ugly things
  2 orc sorcerers
  2 manticores
  4 will-o-the-wisps
  An ice statue (D:11)
  An elephant (Lair:5)
  17 naga magi
  A gargoyle (D:13)
  2 guardian serpents (Snake:4)
  A smoke demon (Abyss:3)
  14 black mambas
  An orange demon (Abyss:3)
  A large abomination (Abyss:3)
  An efreet (D:13)
  A yaktaur zombie (Vaults:1)
  A polar bear (Lair:5)
  2 meliai (D:13)
  7 tyrant leeches
  3 raiju (Abyss:3)
  A spriggan zombie (Swamp:4)
  6 hornets
  A tarantella (Vaults:1)
  3 spriggans (Swamp:2)
  2 yaks
  A yak (shapeshifter) (D:15)
  A hog (Snake:4)
  A wraith (D:11)
  A human (D:12)
  2 basilisks
  7 vampire mosquitoes
  A redback (Vaults:1)
  8 swamp worms
  A warg (Orc:2)
  An acid dragon (D:13)
  32 nagas
  11 orc warriors
  8 swamp drakes
  2 swamp dragon zombies
  A wolf (Lair:5)
  A howler monkey (D:11)
  A lava snake (Snake:4)
  A jelly (Abyss:3)
  7 orc priests
  5 orc wizards
  An ufetubus (Abyss:3)
  15 orcs
  A bush (Swamp:4)
  3 fungi (Swamp:4)
  A plant (Swamp:4)
  A starspawn tentacle (Abyss:3)
380 creatures vanquished.

Vanquished Creatures (others)
  4 fenstrider witches
  A demonspawn warmonger (Abyss:3)
  A frost giant (Abyss:3)
  A spriggan defender (Abyss:3)
  A demonspawn black sun (Abyss:3)
  A stone giant (Abyss:3)
  A bunyip (Swamp:4)
  A spark wasp (Abyss:3)
  An ettin (Abyss:3)
  An ice dragon (Abyss:3)
  2 yaktaur captains (Vaults:1)
  A fire dragon (Abyss:3)
  A spriggan air mage (Swamp:4)
  2 hydras
  2 centaur warriors (D:13)
  4 naga warriors
  An alligator (Swamp:3)
  2 shock serpents
  A spriggan berserker (Swamp:4)
  A naga sharpshooter (Snake:4)
  A fire crab (shapeshifter) (D:13)
  A spriggan druid (Swamp:1)
  A spark wasp zombie (Abyss:3)
  2 goliath frogs
  4 anaconda zombies
  3 naga ritualists
  4 death drakes
  A swamp dragon (Swamp:4)
  A necromancer (Abyss:3)
  A lindwurm (Vaults:1)
  An ugly thing zombie (D:14)
  An ironbound convoker (Vaults:1)
  A wolf spider zombie (D:13)
  2 human zombies
  2 mana vipers (Snake:4)
  A manticore (D:13)
  An eleionoma zombie (Swamp:4)
  A wolf spider (D:13)
  4 black mambas
  2 cyclopes
  2 centaur zombies (D:13)
  2 vault sentinels (Abyss:3)
  2 naga magi
  3 shock serpent zombies
  2 guardian serpents (Snake:4)
  An unseen horror (Abyss:3)
  An elf zombie (Abyss:3)
  3 swamp worm zombies
  An unseen horror zombie (Abyss:3)
  2 hydra zombies
  6 mana viper zombies
  4 death drake zombies
  2 bloated husks (Swamp:2)
  An ice dragon zombie (Abyss:3)
  3 guardian serpent zombies
  14 black mamba zombies
  2 meliai zombies (D:13)
  5 spriggan zombies
  A slime creature zombie (Vaults:1)
  A yak (D:14)
  A swamp worm (Swamp:2)
  5 nagas
  A tengu zombie (D:13)
  A swamp drake (Swamp:4)
  2 hornet zombies (Swamp:4)
  A lindwurm zombie (Vaults:1)
  An ice beast (D:13)
  A manticore zombie (D:13)
  2 swamp dragon zombies
  8 vampire mosquito zombies
  A fire crab zombie (D:13)
  21 salamander zombies
  A cyclops zombie (D:13)
  22 naga zombies
  2 raiju zombies (Abyss:3)
  2 yak zombies
  An orc priest (Orc:2)
  An orc wizard (D:13)
  An ice beast zombie (D:13)
  An acid dragon zombie (D:13)
  5 orc zombies
  4 swamp drake zombies (Swamp:4)
  A jelly zombie (Abyss:3)
  A lava snake zombie (Snake:4)
  A giant cockroach (D:13)
  A hobgoblin (D:15)
  A hobgoblin zombie (D:15)
  A kobold zombie (D:13)
  2 bushes (D:15)
  6 demonic plants (Abyss:3)
  10 foxfires
  54 fungi
  93 plants
  3 starspawn tentacles (Abyss:3)
382 creatures vanquished.

Grand Total: 1460 creatures vanquished

Notes
Turn   | Place    | Note
-------+----------+-------------------------------------------
     0 | D:1      | MacCMillion the Naga Venom Mage began the quest for the
                  | Orb.
     0 | D:1      | Reached XP level 1. HP: 15/15 MP: 3/3
   204 | D:1      | Reached XP level 2. HP: 22/22 MP: 1/5
   259 | D:1      | Learned a level 2 spell: Poisonous Vapours
   829 | D:2      | Reached skill level 5 in Poison Magic
  1014 | D:2      | Reached XP level 3. HP: 28/28 MP: 3/6
  1574 | D:3      | Noticed Grinder
  1581 | D:3      | Learned a level 3 spell: Mephitic Cloud
  1688 | D:3      | Reached skill level 1 in Air Magic
  1688 | D:3      | Reached XP level 4. HP: 21/36 MP: 0/7
  2080 | D:3      | Reached XP level 5. HP: 20/42 MP: 4/8
  2470 | D:3      | Found a burning altar of Makhleb.
  3715 | D:4      | Reached skill level 1 in Conjurations
  3715 | D:4      | Reached XP level 6. HP: 36/49 MP: 0/9
  3950 | D:5      | Entered Level 5 of the Dungeon
  4112 | D:5      | Noticed a black bear
  4119 | D:5      | Killed a black bear
  4307 | D:5      | Reached XP level 7. HP: 39/55 MP: 1/11
  4718 | D:5      | Reached skill level 1 in Fighting
  4718 | D:5      | Reached skill level 1 in Armour
  5153 | D:5      | Reached XP level 8. HP: 61/67 MP: 14/14
  5373 | D:6      | Reached skill level 5 in Stealth
  5636 | D:6      | Found a blossoming altar of Fedhas.
  5636 | D:6      | Noticed Duvessa
  5636 | D:6      | Noticed Dowan
  5647 | D:6      | Killed Duvessa
  5651 | D:6      | Killed Dowan
  6277 | D:6      | Found an ornate altar of the Wu Jian Council.
  6283 | D:6      | Identified the +1 ring mail of Teyf Pue {Will+ Str+3}
  6324 | D:6      | Noticed Edmund
  6335 | D:6      | Killed Edmund
  6336 | D:6      | Reached skill level 1 in Evocations
  6445 | D:6      | Found a large runed translucent door.
  6446 | D:6      | Found a large runed translucent door.
  6490 | D:6      | Noticed kalagan's ghost (novice DECj)
  6749 | D:7      | Reached XP level 9. HP: 78/78 MP: 15/15
  6754 | D:7      | Learned a level 4 spell: Olgreb's Toxic Radiance
  6900 | D:7      | Noticed MacCMillion's ghost (novice BaHu)
  6900 | D:7      | Found a runed translucent gate.
  6900 | D:7      | Found a runed translucent gate.
  6900 | D:7      | Found a runed translucent gate.
  7196 | D:7      | Found a staircase to the Ecumenical Temple.
  7334 | Temple   | Entered the Ecumenical Temple
  7345 | Temple   | Became a worshipper of Kikubaaqudgha
  7728 | D:7      | Noticed Maggie
  8295 | D:7      | Found a snail-covered altar of Cheibriados.
  8386 | D:7      | Found a bloodstained altar of Trog.
  8405 | D:7      | Reached skill level 5 in Fighting
  8886 | D:8      | Reached * piety under Kikubaaqudgha
  8886 | D:8      | Received a gift from Kikubaaqudgha
  9294 | D:8      | Found Rahurgh's Tremendous Tomes.
  9537 | D:8      | Found a stormy altar of Qazlal.
  9978 | D:9      | Noticed a troll
  9990 | D:9      | Killed a troll
  9991 | D:9      | Reached XP level 10. HP: 84/96 MP: 9/16
 10108 | D:9      | Noticed a two-headed ogre
 10132 | D:9      | Reached skill level 1 in Shields
 10543 | D:9      | Noticed Erica
 10557 | D:9      | Killed Erica
 10676 | D:9      | Noticed Prince Ribbit
 10683 | D:9      | Killed Prince Ribbit
 10818 | D:9      | Killed a two-headed ogre
 10921 | D:9      | Noticed Psyche
 10933 | D:9      | Killed Psyche
 10934 | D:9      | Reached skill level 10 in Poison Magic
 10936 | D:9      | Reached skill level 1 in Necromancy
 10972 | D:9      | Identified the +7 arbalest "Demonslayer" {venom, Str+7
                  | SInv}
 10972 | D:9      | Noticed a centaur warrior
 10981 | D:9      | Killed a centaur warrior
 10982 | D:9      | Reached skill level 2 in Necromancy
 10982 | D:9      | Reached XP level 11. HP: 72/103 MP: 11/18
 10984 | D:9      | Noticed a two-headed ogre
 10999 | D:9      | Killed a two-headed ogre
 11000 | D:9      | Reached skill level 5 in Spellcasting
 11000 | D:9      | Reached skill level 3 in Necromancy
 11008 | D:9      | Noticed a cyclops
 11586 | D:9      | Noticed a deep elf pyromancer
 11599 | D:9      | Killed a deep elf pyromancer
 11600 | D:9      | Reached skill level 4 in Necromancy
 11854 | D:9      | Noticed a wizard
 11869 | D:9      | Killed a wizard
 12151 | D:9      | Reached skill level 5 in Necromancy
 12173 | D:9      | Reached ** piety under Kikubaaqudgha
 12244 | D:9      | Noticed a death knight
 12275 | D:9      | Killed a death knight
 12641 | D:9      | Killed a cyclops
 12842 | D:9      | Learned a level 3 spell: Stone Arrow
 12853 | D:10     | Entered Level 10 of the Dungeon
 12854 | D:10     | Found a staircase to the Orcish Mines.
 12863 | D:10     | Noticed a two-headed ogre
 12876 | D:10     | Killed a two-headed ogre
 12877 | D:10     | Reached skill level 1 in Earth Magic
 13194 | D:10     | Noticed Josephine
 13282 | D:10     | Killed Josephine
 13615 | D:10     | Reached XP level 12. HP: 73/110 MP: 20/23
 14095 | D:10     | Noticed a two-headed ogre
 14144 | D:10     | Killed a two-headed ogre
 14145 | D:10     | Reached skill level 1 in Maces & Flails
 14312 | D:10     | Reached skill level 5 in Earth Magic
 14335 | D:10     | Reached *** piety under Kikubaaqudgha
 14335 | D:10     | Received a gift from Kikubaaqudgha
 14403 | D:10     | Found a staircase to the Lair.
 14463 | Lair:1   | Entered Level 1 of the Lair of Beasts
 14681 | Lair:1   | Noticed Amaemon
 14696 | Lair:1   | Killed Amaemon
 15239 | Lair:1   | Reached skill level 5 in Maces & Flails
 15630 | Lair:1   | Noticed a seven-headed hydra
 16445 | Lair:2   | Reached skill level 5 in Shields
 16488 | Lair:2   | Identified the +5 rapier "Ysiyfiol" {holy, rF+ Int+8}
 16517 | Lair:2   | Gained mutation: You can use your snake-like lower body to
                  | constrict enemies. [Naga growth]
 16517 | Lair:2   | Reached XP level 13. HP: 108/117 MP: 14/25
 16518 | Lair:2   | Reached **** piety under Kikubaaqudgha
 16544 | Lair:2   | Reached skill level 5 in Armour
 17203 | Lair:2   | Found a staircase to the Swamp.
 17697 | Lair:3   | Reached skill level 6 in Necromancy
 17736 | Lair:3   | Learned a level 5 spell: Borgnjor's Vile Clutch
 17743 | Lair:3   | Learned a level 6 spell: Death Channel
 18106 | Lair:3   | Reached skill level 7 in Necromancy
 18279 | Lair:3   | Found a staircase to the Snake Pit.
 18425 | Lair:3   | Reached skill level 8 in Necromancy
 18675 | Lair:3   | Reached skill level 9 in Necromancy
 19230 | Lair:3   | Reached skill level 10 in Necromancy
 19429 | Lair:3   | Found an ancient bone altar of Kikubaaqudgha.
 19441 | Lair:3   | Identified the +1 glaive of Execution {vorpal, Str+3}
 19833 | Lair:4   | Reached ***** piety under Kikubaaqudgha
 20174 | Lair:4   | Reached skill level 11 in Necromancy
 20252 | Lair:4   | Reached XP level 14. HP: 126/126 MP: 23/26
 20728 | Lair:4   | Found a staircase to the Slime Pits.
 21100 | Lair:5   | Entered Level 5 of the Lair of Beasts
 21100 | Lair:5   | Noticed Sonja
 21104 | Lair:5   | Killed Sonja
 21261 | Lair:4   | Reached skill level 12 in Necromancy
 21336 | Lair:5   | Noticed Nessos
 21802 | Lair:5   | Killed Nessos
 21922 | Lair:5   | Reached skill level 13 in Necromancy
 22571 | Lair:5   | Identified the +0 pair of boots "Atuacir" {rC+}
 22765 | Lair:5   | Reached skill level 14 in Necromancy
 22890 | Lair:5   | Learned a level 2 spell: Sublimation of Blood
 23834 | Orc:1    | Entered Level 1 of the Orcish Mines
 24610 | Orc:2    | Entered Level 2 of the Orcish Mines
 24615 | Orc:2    | Reached skill level 15 in Necromancy
 24634 | Orc:2    | Reached ****** piety under Kikubaaqudgha
 24662 | Orc:2    | Received a gift from Kikubaaqudgha
 24897 | Orc:2    | Found Saufoff's Antique Weapon Boutique.
 25050 | Orc:2    | Found a staircase to the Elven Halls.
 25195 | Orc:2    | Noticed an orc warlord
 25211 | Orc:2    | Killed an orc warlord
 25212 | Orc:2    | Reached XP level 15. HP: 65/133 MP: 23/27
 25221 | Orc:2    | Found Exzoem's Antique Armour Shoppe.
 25297 | Orc:2    | Found Yrexu's Antique Weapon Emporium.
 25479 | Orc:2    | Found Ibykhlipn's Magic Scroll Shop.
 25518 | Orc:2    | Bought a scroll of blinking for 105 gold pieces
 26001 | D:8      | Bought the Omnibus of Iniquitous Magic and the Boulder for
                  | 1439 gold pieces
 26006 | D:8      | Learned a level 4 spell: Animate Dead
 26066 | D:9      | Identified the +0 dagger "Ipoz" {freeze, Str+5 Dex+6}
 26110 | D:11     | Noticed Fannar
 26124 | D:11     | Killed Fannar
 27448 | D:12     | Found an iron altar of Okawaru.
 28328 | D:13     | Found a broken altar of Ashenzari.
 28510 | D:13     | Found a gate to the Vaults.
 28763 | D:13     | Identified the +5 dagger of Buverr Gear {flame, Will+++
                  | Int+2 Stlth-}
 29726 | D:15     | Entered Level 15 of the Dungeon
 29740 | D:14     | Reached skill level 5 in Dodging
 29777 | D:14     | Learned a level 4 spell: Dispel Undead
 29911 | D:15     | Reached skill level 10 in Fighting
 29926 | D:15     | Found a gateway to a bazaar.
 30045 | D:15     | Identified the +1 ring mail of the Present {*Slow rF+ Dex+4
                  | Stlth+}
 30511 | D:15     | Found a staircase to the Depths.
 30521 | D:15     | Reached XP level 16. HP: 135/146 MP: 23/29
 30895 | Bazaar   | Entered a bazaar
 30908 | Bazaar   | Found Loij Doys's Book Shoppe.
 30979 | Bazaar   | Found Xatseza's Book Shoppe.
 31026 | Bazaar   | Found Buxythris's Jewellery Shoppe.
 31062 | Bazaar   | Found Tohuptu's Jewellery Boutique.
 31386 | Bazaar   | Bought a ring of protection from cold for 275 gold pieces
 31692 | Snake:1  | Entered Level 1 of the Snake Pit
 31750 | Snake:1  | Reached skill level 10 in Spellcasting
 32051 | Snake:1  | Identified Roxanne's Verses on the Quarry
 32051 | Snake:1  | Noticed Roxanne
 32233 | Snake:1  | Found Ceerhah's Vocational Training.
 32540 | Snake:1  | Killed Roxanne
 33230 | Snake:2  | Reached skill level 1 in Ice Magic
 33249 | Snake:2  | Learned a level 6 spell: Simulacrum
 34129 | Snake:3  | Noticed a nagaraja
 34135 | Snake:3  | Killed a nagaraja
 34372 | Snake:3  | Noticed Bai Suzhen
 34388 | Snake:3  | Killed Bai Suzhen
 34392 | Snake:3  | Found a transporter.
 34515 | Snake:3  | Found a transporter.
 34751 | Snake:3  | Found a transporter.
 34756 | Snake:3  | Found a transporter.
 34828 | Snake:3  | Reached skill level 5 in Ice Magic
 34831 | Snake:3  | Reached XP level 17. HP: 116/153 MP: 24/33
 35199 | Snake:3  | Found a transporter.
 35200 | Snake:3  | Found a transporter.
 35411 | Snake:4  | Entered Level 4 of the Snake Pit
 35965 | Snake:4  | Noticed Mlioglotl
 35973 | Snake:4  | HP: 7/153 [salamander/+3 trident (9)]
 36678 | Snake:4  | Learned a level 7 spell: Haunt
 36788 | Snake:4  | Noticed Kirke
 36797 | Snake:4  | Killed Kirke
 36798 | Snake:4  | Reached skill level 16 in Necromancy
 36807 | Snake:4  | Your ally Kirke died
 37285 | Snake:4  | Reached XP level 18. HP: 83/160 MP: 27/36
 37607 | Snake:4  | Killed Mlioglotl
 38028 | Snake:4  | Got a serpentine rune of Zot
 38351 | Swamp:1  | Entered Level 1 of the Swamp
 38358 | Swamp:1  | Reached skill level 17 in Necromancy
 38361 | Swamp:1  | Found a transporter.
 38367 | Swamp:1  | Found a transporter.
 38367 | Swamp:1  | Noticed Zkahoot's ghost (journeyman DECj)
 38398 | Swamp:1  | Reached skill level 1 in Summonings
 38618 | Swamp:1  | Noticed Jorgrun
 38621 | Swamp:1  | Killed Jorgrun
 38783 | Swamp:1  | Noticed Louise
 38799 | Swamp:1  | Killed Louise
 39747 | Swamp:2  | Noticed Aizul
 39753 | Swamp:2  | Killed Aizul
 39846 | Swamp:2  | Reached skill level 15 in Spellcasting
 40387 | Swamp:3  | Reached skill level 5 in Summonings
 40486 | Swamp:3  | Identified the +2 ring mail of Omission {-Cast rN+++ Will+
                  | Str-4}
 40971 | Swamp:4  | Entered Level 4 of the Swamp
 41033 | Swamp:4  | Reached skill level 18 in Necromancy
 41083 | Swamp:4  | Reached XP level 19. HP: 150/168 MP: 33/38
 41125 | Swamp:4  | Noticed the 27-headed Lernaean hydra
 41131 | Swamp:4  | Killed the 27-headed Lernaean hydra
 41139 | Swamp:4  | Got a decaying rune of Zot
 41211 | Swamp:4  | Found a runed translucent door.
 41211 | Swamp:4  | Found a shimmering altar of Xom.
 41211 | Swamp:4  | Noticed sm0rk's ghost (adept MfSu)
 41244 | Swamp:4  | Killed sm0rk's ghost
 41770 | Vaults:1 | Entered Level 1 of the Vaults
 42012 | Vaults:1 | Found Wocoeh's Book Emporium.
 42128 | Vaults:1 | Noticed lorin's ghost (adept MiMo)
 42129 | Vaults:1 | Found a transporter.
 42154 | Vaults:1 | Identified the +8 great mace of Unreason {freeze, rF+ Will+
                  | SInv}
 42193 | Abyss:3  | Cast into level 3 of the Abyss (a wizard)
 42204 | Abyss:3  | Found a corrupted altar of Lugonu.
 42266 | Abyss:3  | Reached skill level 19 in Necromancy
 42349 | Abyss:3  | Found a corrupted altar of Lugonu.
 42372 | Abyss:3  | Paralysed by accursed screaming for 2 turns
 42374 | Abyss:3  | HP: 3/168 [starcursed mass/accursed screaming (16)]
 42375 | Abyss:3  | Killed from afar by a starcursed mass

Illustrated notes

Levels and vault maps discovered:
D:1:      minmay_arrival_diagonal_passages, layout_rooms, moated_statue,
          interstate_on_off, minmay_tetromino_i4
D:2:      minmay_evil_eye, layout_basic
D:3:      layout_basic, mainiacjoe_overflow_boulevard, uniq_grinder
D:4:      layout_cave_pools, st_stairs_6
D:5:      layout_loops_ring
D:6:      layout_basic, fedhas_altar_1, nzn_wu_jian_council_hall,
          ebering_ghost_disaster_area, uniq_duvessa, uniq_edmund
D:7:      layout_loops_ring, trog_butcher_becter, slow_altar_2, temple_green,
          gammafunk_ghost_necromancy, corexii_checkpoint_a, uniq_maggie
D:8:      layout_gridville, nicolae_qazlal_scattered_showers,
          nicolae_shop_i_like_big_books
D:9:      layout_rooms, minmay_the_grid_2x2 [minmay_the_grid_minigrid_small_alt,
          minmay_the_grid_small_cups, minmay_the_grid_tiny_cups,
          minmay_the_grid_prize_trominoes], uniq_psyche, uniq_erica,
          uniq_prince_ribbit1
D:10:     layout_rooms, grunt_lair_entry_orc_guard_hut, uniq_josephine
D:11:     layout_cave_pools, nicolae_water_bricks, minivault_16,
          ebering_dispersal_statue_hall, uniq_fannar
D:12:     layout_cave_pools, okawaru_humans
D:13:     layout_rooms, grunt_vaults_entry_fortified, ashenzari_altar_1
D:14:     layout_long_grid, minmay_misc_feat_room
D:15:     hangedman_depths_entry_try_elsewhere_first, layout_loops_ring,
          serial_park_tiny_2, serial_shops, bzr_entry_islet
Temple:   lightli_temple_of_artemis
Lair:1:   cheibrodos_lair_river_kwai, layout_chaotic_city, uniq_amaemon
Lair:2:   layout_regular_city, nicolae_swamp_entry_splash_gauntlet, worms_lemuel
Lair:3:   layout_cave_pods, minmay_snake_entry_six_corridors, basic_altar
Lair:4:   layout_regular_city, slime_entry_1
Lair:5:   grunt_lair_end_beastmaster, layout_cave_pods, uniq_nessos, uniq_sonja
Swamp:1:  layout_basic_swamp, gammafunk_ghost_arena, serial_swamp_ruin,
          evilmike_swamp_ruin_house_2, evilmike_swamp_ruin_house_6, swamp_pool4,
          hangedman_swamp_cone, st_swamp_mini, uniq_jorgrun, uniq_louise
Swamp:2:  layout_basic_swamp, hangedman_swamp_pad, uniq_aizul
Swamp:3:  nicolae_swamp_long_stream, layout_basic_swamp,
          nicolae_swamp_little_tower, swamp_pool3
Swamp:4:  grunt_swamp_rune_castle, layout_basic_swamp, ebering_ghost_xom
Snake:1:  layout_rooms, grunt_ministairs_14, st_stairs_1,
          nicolae_shop_vocational, uniq_roxanne
Snake:2:  dpeg_oklob_gauntlet, layout_gridlike
Snake:3:  layout_basic, nicolae_snake_gridmaze_waves, grunt_ministairs_5,
          serial_nicolae_subway, nicolae_sub_station_crystal,
          nicolae_sub_station_metal, nicolae_sub_station_stone, uniq_bai_suzhen
Snake:4:  snake_pit, layout_onion, nicolae_snake_salamander_zone, uniq_kirke,
          uniq_mlioglotl
Orc:1:    layout_caves
Orc:2:    grunt_orc_community_town_hall, layout_caves,
          grunt_orc_community_big_house_2, grunt_orc_community_big_house_2,
          grunt_orc_community_house_2, grunt_orc_community_house_2,
          grunt_orc_community_house_1, grunt_orc_community_house_1,
          grunt_orc_community_house_1, grunt_orc_community_house_2
Vaults:1: gammafunk_ghost_smash, nicolae_vaults_rhombus_7, v_misc_33,
          v_alt_pattern_4, v_misc_1, hangedman_vaults_capsules,
          nicolae_vaults_mini_display_case, ontoclasm_vaults_claustrophobia,
          v_misc_2, vaults_room_semicircle, vaults_room_stairs_pillars,
          v_misc_17, grunt_vaults_hallway_short, ontoclasm_vaults_fault,
          nicolae_vaults_little_squares_1, st_smaller_cells,
          vaults_room_hallway, v_misc_33, v_misc_19, layout_vaults_maze,
          serial_shops, nicolae_shop_statue_plus
Abyss:3:  base: D:4, evilmike_abyss_exit_glass, evilmike_abyss_exit_glass,
          evilmike_abyss_exit_plants, nicolae_abyss_rune_star_stuff

Skill      XL: |  1  2  3  4  5  6  7  8  9 10 11 12 13 14 15 16 17 18 19 |
---------------+----------------------------------------------------------+-----
Poison Magic   | 5 6 10 | 10.0
Air Magic      | 1 2 4 |  4.0
Conjurations   | 1 4 |  4.0
Spellcasting   | 4 7 8 9 12 14 15 | 15.0
Fighting       | 2 4 7 8 10 | 10.0
Armour         | 1 3 4 5 |  5.0
Stealth        | 4 7 8 |  8.0
Evocations     | 1 4 |  4.0
Shields        | 4 5 |  5.0
Necromancy     | 2 5 11 15 16 18 19 | 19.1
Earth Magic    | 3 7 8 |  8.0
Maces & Flails | 6 8 |  8.0
Dodging        | 2 5 8 |  8.0
Ice Magic      | 5 8 |  8.0
Summonings     | 7 9 |  9.6
Transmutations | |  1.0

Action                   |  1- 3 |  4- 6 |  7- 9 | 10-12 | 13-15 | 16-18 | 19-21 || total
-------------------------+-------+-------+-------+-------+-------+-------+-------++-------
Melee: Whip              |    10 |    35 |    65 |   216 |       |       |       ||   326
       Staff             |       |       |    80 |    28 |    38 |       |    18 ||   164
       Punch             |       |       |     2 |     2 |       |       |       ||     4
       Demon whip        |       |       |       |    59 |   451 |    86 |       ||   596
       Constrict         |       |       |       |       |    91 |    13 |     2 ||   106
       Rapier            |       |       |       |       |       |     4 |       ||     4
 Cast: Sting             |    49 |    55 |    79 |    20 |       |       |       ||   203
       Poisonous Vapours |     2 |    23 |    50 |    66 |    67 |       |       ||   208
       Mephitic Cloud    |       |       |     5 |    26 |    20 |       |       ||    51
       Olgreb's Toxic Ra |       |       |     8 |    44 |   112 |     6 |     1 ||   171
       Stone Arrow       |       |       |       |    38 |    81 |    45 |     4 ||   168
       Borgnjor's Vile C |       |       |       |       |   105 |   181 |    38 ||   324
       Death Channel     |       |       |       |       |    36 |    46 |    10 ||    92
       Sublimation of Bl |       |       |       |       |    19 |    77 |    18 ||   114
       Animate Dead      |       |       |       |       |     8 |    22 |     6 ||    36
       Dispel Undead     |       |       |       |       |     6 |       |       ||     6
       Simulacrum        |       |       |       |       |       |    75 |    24 ||    99
Invok: Receive Forbidden |       |       |       |       |     1 |       |       ||     1
       Unearth Wretches  |       |       |       |       |     5 |    14 |     6 ||    25
Evoke: Wand              |       |       |     5 |     8 |     8 |     3 |       ||    24
       Lightning rod     |       |       |       |     4 |       |       |       ||     4
  Use: Potion            |       |     1 |       |     1 |       |     4 |       ||     6
       Scroll            |       |     3 |     7 |     6 |    15 |     9 |     2 ||    42
 Stab: Sleeping          |       |     2 |       |       |     2 |       |       ||     4
       Confused          |       |       |     2 |     2 |     5 |       |       ||     9
       Petrified         |       |       |       |       |     3 |       |       ||     3
       Petrifying        |       |       |       |       |     2 |       |       ||     2
       Distracted        |       |       |       |       |     4 |     5 |       ||     9
       Paralysed         |       |       |       |       |     6 |     6 |     2 ||    14
Armor: Robe              |     5 |    20 |    25 |       |       |       |       ||    50
       Ring mail         |       |       |    70 |    67 |       |       |       ||   137
       Steam dragon scal |       |       |       |    68 |   180 |    84 |       ||   332
       Skin              |       |       |       |    42 |       |       |       ||    42
       Troll leather arm |       |       |       |       |       |    11 |    25 ||    36
Dodge: Dodged            |     9 |     9 |    53 |    75 |   152 |    69 |    20 ||   387
Block: Buckler           |       |       |       |    83 |   149 |    71 |    22 ||   325
